 Dungeon Crawl Stone Soup version 0.23.2-30-g0e89c35649 (webtiles) character file.

Game seed: 8362617744843938346

57 redwoodhats the Skirmisher (level 3, 0/30 HPs)
             Began as a Demonspawn Abyssal Knight on June 21, 2019.
             Was a Believer of Lugonu.
             Slain by a jelly (2 damage)
             ... on level 1 of the Dungeon.
             The game lasted 00:04:58 (1289 turns).

redwoodhats the Skirmisher (DsAK)                   Turns: 1289, Time: 00:04:58

Health: 0/30       AC:  3    Str: 13    XL:     3   Next: 73%
Magic:  5/5        EV: 11    Int: 18    God:    Lugonu [**....]
Gold:   21         SH:  0    Dex: 12    Spells: 2/2 levels left

rFire    . . .     SeeInvis .   a - +1 hand axe
rCold    . . .     Gourm    .   (no shield)
rNeg     . . .     Faith    .   b - +0 leather armour
rPois    .         Spirit   .   (no helmet)
rElec    .         Reflect  .   (no cloak)
rCorr    .         Harm     .   (no gloves)
MR       .....                  (no boots)
Stlth    +.........             (no amulet)
HPRegen  0.10/turn              (no ring)
MPRegen  0.09/turn              (no ring)

@: brilliant
A: rot immunity
a: Depart the Abyss, Bend Space, Renounce Religion


You were on level 1 of the Dungeon.
You worshipped Lugonu.
Lugonu was pleased with you.
You were not hungry.

You visited 1 branch of the dungeon, and saw 1 of its levels.
You visited the Abyss 1 time.

You collected 21 gold pieces.

Inventory:

Hand Weapons
 a - a +1 hand axe (weapon)
Armour
 b - a +0 leather armour (worn)
Scrolls
 e - a scroll of identify
 f - a scroll of blinking
Comestibles
 c - 2 rations


   Skills:
 + Level 4.1 Fighting
 + Level 2.1 Axes
 + Level 2.1 Armour
 + Level 1.0 Dodging
 + Level 2.7 Invocations


You had 2 spell levels left.
You didn't know any spells.
Your spell library was empty.

Dungeon Overview and Level Annotations

Branches:
Dungeon (1/15)

Altars:


Innate Abilities, Weirdness & Mutations

You are immune to rotting.


Message History

You barely miss the rat.
The rat is moderately wounded.
The rat barely misses you. The rat misses you.
You barely miss the rat.
The rat is moderately wounded.
The rat bites you but does no damage.
You hit the rat.
The rat is severely wounded.
The rat closely misses you.
You barely miss the rat.
The rat is severely wounded.
The rat closely misses you.
You hit the rat.
You kill the rat!
Lugonu accepts your kill.
You can now bend space around yourself.
You hit the jelly.
Your hands burn!
* * * LOW HITPOINT WARNING * * *
The jelly is moderately wounded.
The jelly hits you.
You die...

....##########....#####.###
.............'..(.+.......#
...####..#####....#..####.#
...# ##..................#
#### #)###+#######+###..#
#.#..⌠...>...⌠..#..# ######
#.#......<......#..# #....#
#.'⌠....###....⌠'..# .....#
#.#......@......#..# .....#
#.#######J#######..#
.....###.#......J.?....#..#
#........#.............#..#
#######..#.............#..#
.....##..###############..#
.....###.............†....#
.....# ###############....#
.....# ######


You could see a jelly and an ooze.

Vanquished Creatures
  3 oozes (D:1)
  A worm (D:1)
  3 dart slugs (D:1)
  A leopard gecko (D:1)
  3 giant cockroaches (D:1)
  2 goblins (D:1)
  2 hobgoblins (D:1)
  7 jackals (D:1)
  3 bats (D:1)
  2 frilled lizards (D:1)
  3 kobolds (D:1)
  4 rats (D:1)
34 creatures vanquished.

Notes
Turn   | Place    | Note
-------+----------+-------------------------------------------
     0 | Abyss:1  | redwoodhats the Demonspawn Abyssal Knight began the quest
                  | for the Orb.
     0 | Abyss:1  | Reached XP level 1. HP: 18/18 MP: 2/2
    88 | Abyss:1  | Noticed a thrashing horror
    99 | Abyss:1  | Noticed a small abomination
   107 | Abyss:1  | Noticed a ynoxinul
   117 | D:1      | Escaped the Abyss
   118 | D:1      | Noticed a jelly
   119 | D:1      | Found a runed translucent door.
   268 | D:1      | Reached * piety under Lugonu
   268 | D:1      | Gained mutation: You are immune to rotting. [demonic
                  | ancestry]
   268 | D:1      | Reached XP level 2. HP: 8/24 MP: 3/3
   827 | D:1      | Reached skill level 1 in Dodging
  1024 | D:1      | Reached XP level 3. HP: 28/30 MP: 4/4
  1255 | D:1      | Reached skill level 4 in Fighting
  1288 | D:1      | Reached ** piety under Lugonu
  1289 | D:1      | Slain by a jelly

Skill      XL: |  1  2  3 |
---------------+----------+-----
Axes           | 2 |  2.1
Dodging        | 1 |  1.0
Fighting       | 4 |  4.1
Armour         | 2 |  2.1
Invocations    | |  2.7

Action                   || total
-------------------------++-------
Melee: Hand axe          ||   107
Invok: Depart the Abyss  ||     1
  Use: Scroll            ||     4
       Potion            ||     3
  Eat: Ration            ||     1
Armor: Leather armour    ||    20
Dodge: Dodged            ||    79
